 Dungeon Crawl Stone Soup version 0.32-a0-290-g598725c5f2 (webtiles) character file.

Game seed: 9346843037262142954

82 jasper the Chopper (level 4, -3/40 HPs)
             Began as a Mountain Dwarf Fighter on Feb 13, 2024.
             Incinerated by a bombardier beetle (6 damage)
             ... with a burning spray
             ... on level 3 of the Dungeon.
             The game lasted 00:03:01 (1229 turns).

jasper the Chopper (Mountain Dwarf Fighter)         Turns: 1229, Time: 00:03:02

Health: -3/40      AC: 12    Str: 20    XL:     4   Next: 21%
Magic:  4/4        EV:  7    Int:  9    God:
Gold:   60         SH:  4    Dex:  9    Spells: 3/3 levels left

rFire   . . .        a - +0 war axe
rCold   . . .        c - +0 buckler
rNeg    . . .        k - +0 chain mail
rPois   .            i - +1 helmet
rElec   .            h - +0 cloak
rCorr   .            (no gloves)
SInv    .            (no boots)
Will    .....        (no amulet) Stlth
                     (no ring)
HPRegen 0.26/turn    (no ring)
MPRegen 0.09/turn

%: no passive effects
@: on fire, glowing
A: runic magic, artefact enchanting
a: no special abilities


You were on level 3 of the Dungeon.
You visited 1 branch of the dungeon, and saw 3 of its levels.

You collected 60 gold pieces.

Inventory:

Hand Weapons
 a - a +0 war axe (weapon)
Armour
 b - a +0 scale mail
 c - a +0 buckler (worn)
 h - a +0 cloak (worn)
 i - a +1 helmet (worn)
 k - a +0 chain mail (worn)
Potions
 d - a potion of might
 e - a potion of lignification
 f - a potion of curing {unknown}
 g - a potion of berserk rage
 j - 2 potions of attraction {unknown}
 m - a potion of heal wounds {unknown}


   Skills:
 + Level 3.8 Fighting
 * Level 4.0 Axes
 + Level 3.8 Armour
 + Level 3.8 Shields


You had 3 spell levels left.
You didn't know any spells.
Your spell library was empty.

Dungeon Overview and Level Annotations

Branches:
Dungeon (3/15)

Altars:
Zin

Shops:
D:1 =[

Annotations:
D:2 Terence


Innate Abilities, Weirdness & Mutations

Your spellcasting is much less encumbered by armour.
You can use scrolls of enchantment on lesser artefacts.


Message History

The bombardier beetle bites you but does no damage.
You take 4 damage, and have 31/40 hp.
You closely miss the bombardier beetle. You hit the quokka.
You kill the quokka!
The liquid fire burns you!
The bombardier beetle sprays incendiary fluid at you.
The burning spray hits you.
You are even more covered in liquid fire!
Your Axes skill increases to level 4!
You take 5 damage, and have 26/40 hp.
You slash the bombardier beetle!
The bombardier beetle is severely wounded.
The liquid fire burns you!
You take 5 damage, and have 21/40 hp.
You shake off some of the fire as you move.
The liquid fire burns you!
The bombardier beetle sprays incendiary fluid at you.
The burning spray hits you.
You are even more covered in liquid fire!
You see here a quokka corpse.
You take 4 damage, and have 17/40 hp.
You shake off some of the fire as you move.
The liquid fire burns you!
* * * LOW HITPOINT WARNING * * *
The ball python bites you.
* * * LOW HITPOINT WARNING * * *
The ball python barely misses you.
You take 8 damage, and have 9/40 hp.
You shake off some of the fire as you move.
The liquid fire burns you!
* * * LOW HITPOINT WARNING * * *
The ball python bites you.
* * * LOW HITPOINT WARNING * * *
The ball python barely misses you.
You see here a quokka corpse.
You take 6 damage, and have 3/40 hp.
Okay, then.
You shake off some of the fire as you move.
The liquid fire burns you!
You die...

.# .# ##.# ## .
..... #. #..##
#### .##.##...###
.... ..........#
#### ###.
#........# ...%.
#.......S##.....#
##
#......@†B.......
.#
##.......##...:.#
.##.# #.......#
....# .##.#
#.......# ##.#
.##.# #......## #
.##.#
#......######.
.##.#
#............#
.##.#
#......#######
.##.#
#.........####


You could see a bombardier beetle and a ball python.

Vanquished Creatures
  A gnoll (D:1)
  2 adders (D:3)
  2 dart slugs (D:3)
  5 bats
  An endoplasm (D:3)
  3 giant cockroaches
  A hobgoblin (D:1)
  A jackal (D:1)
  2 kobolds (D:1)
  2 quokkas
  3 ball pythons
  A frilled lizard (D:3)
  3 goblins
  2 rats (D:1)
29 creatures vanquished.

Notes
Turn   | Place    | Note
-------+----------+-------------------------------------------
     0 | D:1      | jasper the Mountain Dwarf Fighter began the quest for the
                  | Orb.
     0 | D:1      | Reached XP level 1. HP: 19/19 MP: 1/1
    29 | D:1      | Found Jeodd's One-of-a-Kind Rings.
   160 | D:1      | Reached XP level 2. HP: 6/26 MP: 2/2
   268 | D:1      | Reached skill level 3 in Axes
   405 | D:1      | Found Tinotuw's Antique Armour Emporium.
   470 | D:1      | Reached XP level 3. HP: 30/31 MP: 3/3
   979 | D:2      | Noticed Terence
   985 | D:3      | Found a glowing silver altar of Zin.
  1072 | D:3      | Reached XP level 4. HP: 40/40 MP: 4/4
  1225 | D:3      | Reached skill level 4 in Axes
  1229 | D:3      | Incinerated by a bombardier beetle

Illustrated notes

Levels and vault maps discovered:
D:1:      spicycebolla_green_bress_n_ham, layout_basic, serial_shops, shop,
          nicolae_shop_unique_rings, minmay_surrounded
D:2:      minmay_angry_zag, layout_basic, uniq_terence
D:3:      layout_loops_ring, lightli_temple_of_fire,
          mainiacjoe_overflow_big_doors, lemuel_crystal_altar,
          gammafunk_ghost_cemetery

Skill      XL: |  1  2  3  4 |
---------------+-------------+-----
Axes           | 3 4 |  4.0
Fighting       | |  3.8
Armour         | |  3.8
Shields        | |  3.8

Action                     |  1- 3 |  4- 6 || total
---------------------------+-------+-------++-------
  Melee: War axe           |    63 |    10 ||    73
    Use: Potion            |     1 |       ||     1
         Scroll            |     4 |       ||     4
 Armour: Scale mail        |    17 |       ||    17
         Chain mail        |    41 |     9 ||    50
  Dodge: Dodged            |    28 |     4 ||    32
  Block: Buckler           |     6 |     3 ||     9

Table legend: (Time is in decaauts)
 A = Elapsed time spent in this place.
 B = Non-inter-level travel time spent in this place.
 C = Inter-level travel time spent in this place.
 D = Time resting spent in this place.
 E = Time spent auto-exploring this place.
 F = Levels seen in this place.
 G = Mean time per level.
                   A        B        C        D        E       F      G
               +--------+--------+--------+--------+--------+-----+--------+
         Total |   1257 |   1242 |     15 |     58 |    891 |   3 |  419.0 |
       Dungeon |   1257 |   1242 |     15 |     58 |    891 |   3 |  419.0 |
               +--------+--------+--------+--------+--------+-----+--------+

Top non-repeatable levels by time:
     D:1: 975 daAuts
     D:3: 253 daAuts
     D:2: 28 daAuts
